 Dungeon Sprint DCSS version 0.22.0-6-g71bd7aa (webtiles) character file.

13 poirepourri the Cleaver (level 5, -2/41 HPs)
             Began as a Formicid Fighter on Aug 14, 2018.
             Was a Believer of Jiyva.
             Slain by a mace of protection (13 damage)
             ... in the Dungeon (Sprint VI: "Thunderdome").
             The game lasted 00:01:23 (428 turns).

poirepourri the Cleaver (Formicid Fighter)           Turns: 428, Time: 00:01:24

Health: -2/41      AC:  6    Str: 22    XL:     5   Next: 70%
Magic:  5/5        EV:  8    Int: 13    God:    Jiyva [**....]
Gold:   50         SH: 10    Dex: 17    Spells: 4/4 levels left

rFire    + . .     SeeInvis +   a - +0 war axe
rCold    x . .     Gourm    .   c - +0 shield
rNeg     . . .     Faith    .   b - +0 scale mail
rPois    +         Spirit   .   (helmet unavailable)
rElec    +         Reflect  .   (no cloak)
rCorr    +         Harm     +   (no gloves)
MR       .....                  (no boots)
Stlth    ..........             r - amulet of Vimairin {Harm *Drain rElec rPois}
HPRegen  0.13/turn              s - ring "Yrafeah" {rCorr Str-2 Dex+6}
MPRegen  0.09/turn              q - ring "Virerule" {Fire *Corrode rPois Str+4 Int+5}

@: no status effects
A: permanent stasis, dig shafts and tunnels, four strong arms, antennae 3
a: Dig, Request Jelly, Renounce Religion


You were in the Dungeon.
You worshipped Jiyva.
Jiyva was pleased with you.
You were not hungry.

You visited 1 branch You collected 230 gold pieces.
You spent 180 gold pieces at shops.

Inventory:

Hand Weapons
 a - a +0 war axe (weapon)
Armour
 b - a +0 scale mail (worn)
 c - a +0 shield (worn)
Jewellery
 p - the ring "Noomnaima" {+Blink MR+ AC+1 Str+8 Dex-3}
   (You bought it in a shop in the Dungeon)

   [ring of protection]

   It affects your AC (+1).
   It affects your strength (+8).
   It affects your dexterity (-3).
   It affects your resistance to hostile enchantments.
   It lets you blink.
 q - the ring "Virerule" (right hand) {Fire *Corrode rPois Str+4 Int+5}
   (You bought it in a shop in the Dungeon)

   [ring of fire]

   It enhances your fire magic.
   It affects your strength (+4).
   It affects your intelligence (+5).
   It protects you from fire.
   It makes you vulnerable to cold.
   It protects you from poison.
   It may corrode you when you take damage.
 r - the amulet of Vimairin (around neck) {Harm *Drain rElec rPois}
   (You bought it in a shop in the Dungeon)

   [amulet of harm]

   It increases damage dealt and taken.
   It insulates you from electricity.
   It protects you from poison.
   It causes draining when unequipped.
 s - the ring "Yrafeah" (left hand) {rCorr Str-2 Dex+6}
   (You bought it in a shop in the Dungeon)

   [ring of resist corrosion]

   It affects your strength (-2).
   It affects your dexterity (+6).
Wands
 m - a wand of acid (5)
 n - a wand of iceblast (5)
Scrolls
 k - 4 scrolls of blinking
 o - 3 scrolls of fog
Potions
 e - a potion of curing
 g - 3 potions of heal wounds
 h - 4 potions of haste
 i - 2 potions of magic
 j - a potion of berserk rage
 l - a potion of resistance
Comestibles
 f - a ration


   Skills:
 - Level 3.2 Fighting
 + Level 10.6 Axes
 - Level 3.2 Armour
 - Level 3.6 Shields


You had 4 spell levels left.
You didn't know any spells.
Your spell library was empty.

Dungeon Overview and Level Annotations

Branches:
Dungeon (1/1)

Altars:
Cheibriados
Dithmenos
Fedhas
Gozag
Kikubaaqudgha
Makhleb
Okawaru
Qazlal
Ru
Sif Muna
Trog
Uskayaw
Vehumet
Wu Jian
Xom
Yredelemnul
Zin
The Shining One
Beogh
Jiyva
Lugonu

Shops:
D *[%??*?*:[((!!!!


Innate Abilities, Weirdness & Mutations

You cannot be hasted, slowed, berserked, paralysed or teleported.
You can dig through walls and to a lower floor.
Your four strong arms can wield two-handed weapons with a shield.
You have a pair of large antennae on your head. (SInv)


Message History

You are too injured to fight recklessly!
You are too injured to fight recklessly!
You are too injured to fight recklessly!
You are too injured to fight recklessly!
You are too injured to fight recklessly!
You are too injured to fight recklessly!
Unknown command.
You slash the mace of protection!
The mace of protection is moderately damaged.
You are covered in liquid flames!
You block the mace of protection's attack. x2
Unknown command.
You are covered in liquid flames!
You closely miss the deep elf mage.
The deep elf mage is moderately wounded.
You closely miss the mace of protection.
The mace of protection hits you.
* * * LOW HITPOINT WARNING * * *
You block the deep elf mage's attack. The mace of protection hits you!
You die...

#####.8.........8)######
∩___......###.......__∩##
........8.# #.8........∩###
..........###.............##
.......###...###..........⌠#
.......# #.<.# #..........⌠#
.......###...###..........⌠#
..........###....(........##
........8.# #.8e@......∩###
∩___......###......___∩##
#####.8.........8.######
#⌠...........⌠#
###.........### #_......._#
#.........# #_......._#
#∩.......∩#


You could see a deep elf mage and a mace of protection.

Vanquished Creatures
  A water moccasin (D)
  A gnoll sergeant (D)
  A gnoll shaman (D)
  A gnoll (D)
  An adder (D)
  A ball python (D)
6 creatures vanquished.

Vanquished Creatures (others)
  A jelly (D)
  A ball python (D)
2 creatures vanquished.

Grand Total: 8 creatures vanquished

Notes
Turn   | Place    | Note
-------+----------+-------------------------------------------
     0 | D        | poirepourri the Formicid Fighter began the quest for the Orb.
     0 | D        | Reached XP level 1. HP: 18/18 MP: 1/1
     1 | D        | Found a roughly hewn altar of Beogh.
     2 | D        | Found an ancient bone altar of Kikubaaqudgha.
     2 | D        | Found a viscous altar of Jiyva.
     3 | D        | Found a burning altar of Makhleb.
     3 | D        | Found a bloodstained altar of Trog.
     4 | D        | Found a corrupted altar of Lugonu.
     4 | D        | Found a blossoming altar of Fedhas.
     4 | D        | Found Maufalur's Staff Store.
     4 | D        | Found Seaniz's Magic Scroll Shop.
     5 | D        | Found a basalt altar of Yredelemnul.
     5 | D        | Found Jaetod's Must-Have Magic.
     5 | D        | Found Uremurr's Magic Scroll Shop.
     5 | D        | Round 1.
    12 | D        | Reached skill level 4 in Axes
    12 | D        | Reached XP level 2. HP: 22/24 MP: 2/2
    22 | D        | Became a worshipper of Jiyva Jiegal the Shapeless
    34 | D        | Found an iron altar of Okawaru.
    38 | D        | Found a stormy altar of Qazlal.
    38 | D        | Found an opulent altar of Gozag.
    38 | D        | Found Oclyess's Delicious Food.
    38 | D        | Found Daylagg's Jewellery.
    39 | D        | Found Ticouxto's Advanced Armour.
    44 | D        | Found Fip Hucw's Identification Station.
    44 | D        | Found a glowing golden altar of the Shining One.
    44 | D        | Found a snail-covered altar of Cheibriados.
    44 | D        | Found a shimmering altar of Xom.
    57 | D        | Bought an ancient glass ring for 45 gold pieces
    57 | D        | Bought a glittering tin ring for 45 gold pieces
    57 | D        | Bought a glittering silver amulet for 45 gold pieces
    57 | D        | Identified the ring "Virerule" {Fire *Corrode rPois Str+4 Int+5} (You bought it in a shop in the Dungeon)
    58 | D        | Identified the ring "Noomnaima" {+Blink MR+ AC+1 Str+8 Dex-3} (You bought it in a shop in the Dungeon)
    59 | D        | Bought a clouded tin ring for 45 gold pieces
    60 | D        | Identified the ring "Yrafeah" {rCorr Str-2 Dex+6} (You bought it in a shop in the Dungeon)
    63 | D        | Identified the amulet of Vimairin {Harm *Drain rElec rPois} (You bought it in a shop in the Dungeon)
    72 | D        | Reached * piety under Jiyva
   111 | D        | Found a deep blue altar of Sif Muna.
   113 | D        | Found a shadowy altar of Dithmenos.
   113 | D        | Found Voiruir's Premium Goods.
   115 | D        | Found an ornate altar of the Wu Jian Council.
   115 | D        | Found a sacrificial altar of Ru.
   115 | D        | Found Vaotidawau's Weapon Rack.
   117 | D        | Found Bidi's Miscellaneous Merchandise.
   117 | D        | Found Ysin's Basic Armour.
   119 | D        | Found a glowing silver altar of Zin.
   120 | D        | Found a hide-covered altar of Uskayaw.
   123 | D        | Found a radiant altar of Vehumet.
   123 | D        | Found Uwaxeci's Do-It-Yourself Clinic.
   124 | D        | Found Witof's Bottled Wisdom.
   124 | D        | Found Acumneah's Distillery.
   126 | D        | Reached ** piety under Jiyva
   131 | D        | Found Mikh's Distillery.
   152 | D        | Noticed a water moccasin
   157 | D        | Killed a water moccasin
   157 | D        | Reached skill level 8 in Axes
   157 | D        | Reached XP level 3. HP: 29/29 MP: 3/3
   157 | D        | Reached XP level 4. HP: 35/35 MP: 4/4
   182 | D        | Arena points: 5 (+5) [x1]
   197 | D        | Round 2.
   271 | D        | Noticed a gnoll sergeant
   285 | D        | Reached skill level 9 in Axes
   285 | D        | Reached XP level 5. HP: 31/41 MP: 5/5
   289 | D        | Reached skill level 10 in Axes
   345 | D        | Noticed Crazy Yiuf
   372 | D        | Arena points: 13 (+8) [x1]
   387 | D        | Round 3.
   415 | D        | Noticed a deep elf mage
   421 | D        | Noticed a mace of protection
   428 | D        | Slain by a mace of protection

Skill      XL: |  1  2  3  4  5 |
---------------+----------------+-----
Axes           | 4 8 9 10 | 10.6
Fighting       | |  3.2
Armour         | |  3.2
Shields        | |  3.6

Action                   |  1- 3 |  4- 6 || total
-------------------------+-------+-------++-------
Melee: War axe           |     8 |    22 ||    30
  Use: Potion            |       |     2 ||     2
Armor: Scale mail        |     2 |     9 ||    11
Dodge: Dodged            |     4 |     5 ||     9
Block: Shield            |     5 |    17 ||    22
